 Dungeon Crawl Stone Soup version 0.28.0-1-gb440e238dd (webtiles) character file.

Game seed: 10316132456397603734

2489 belegose the Distorting Hill Orc (level 9, -3/72 (79) HPs)
             Began as a Hill Orc Abyssal Knight on Feb 23, 2022.
             Was a Believer of Lugonu.
             Slain by a wyvern (5 damage)
             ... on level 6 of the Dungeon.
             The game lasted 00:22:03 (11832 turns).

belegose the Distorting Hill Orc (HOAK)            Turns: 11832, Time: 00:22:03

HP:   -3/72 (79)    AC: 13    Str: 19 (20) XL:     9   Next: 52%
MP:   15/15         EV:  5    Int:  7 (10) God:    Lugonu [**....]
Gold: 298           SH:  4    Dex:  8 (11) Spells: 8/8 levels left

rFire   . . .      SeeInvis .   a - +1 hand axe
rCold   . . .      Faith    .   h - +0 buckler
rNeg    . . .      Spirit   .   e - +0 plate armour
rPois   .          Reflect  .   m - +0 helmet
rElec   .          Harm     .   (no cloak)
rCorr   .          Rampage  .   (no gloves)
Will    ++...                   (no boots)
Stlth   ..........              (no amulet)
HPRegen 0.22/turn               g - ring of willpower
MPRegen 0.14/turn               s - ring of willpower

@: drained
A: no striking features
a: Renounce Religion, Depart the Abyss, Bend Space


You were on level 6 of the Dungeon.
You worshipped Lugonu.
Lugonu was pleased with you.
You visited 2 branches of the dungeon, and saw 7 of its levels.
You visited the Abyss 1 time.

You collected 298 gold pieces.

Inventory:

Hand Weapons
 a - a +1 hand axe (weapon)
 z - a +1 flail of protection
Missiles
 j - 168 stones
 r - 2 throwing nets
 u - 7 boomerangs (quivered)
Armour
 e - a +0 plate armour (worn)
 h - a +0 buckler (worn)
 m - a +0 helmet (worn)
Jewellery
 g - a ring of willpower (left hand)
 s - a ring of willpower (right hand)
 B - a ring of ice
Wands
 t - a wand of polymorph (8)
 E - a wand of paralysis (4)
Scrolls
 b - a scroll of blinking {unknown}
 c - 3 scrolls of immolation {unknown}
 d - 6 scrolls of identify {unknown}
 l - 4 scrolls of teleportation {unknown}
 o - a scroll of amnesia {unknown}
 p - 2 scrolls of fog {unknown}
 x - 2 scrolls of magic mapping {unknown}
 y - a scroll of noise {unknown}
 D - a scroll of holy word {unknown}
Potions
 f - a potion of heal wounds
 i - 2 potions of degeneration
 k - a potion of cancellation {unknown}
 n - 2 potions of brilliance {unknown}
 q - a potion of flight {unknown}
 v - 2 potions of mutation {unknown}
 w - a potion of might {unknown}
 A - a potion of berserk rage {unknown}
 C - a potion of attraction {unknown}


   Skills:
 + Level 7.1 Fighting
 + Level 7.1 Axes
 + Level 4.1 Throwing
 - Level 5.3 Armour
 - Level 0.7 Dodging
 - Level 4.0 Shields
 + Level 8.9 Invocations
 + Level 1.9 Evocations


You had 8 spell levels left.
You didn't know any spells.
Your spell library contained the following spells:

 Spells                   Type           Power      Damage    Failure   Level
 Magic Dart               Conj           0%         1d3       100%        1
 Call Imp                 Summ           0%         N/A       100%        2
 Mephitic Cloud           Conj/Pois/Air  0%         N/A       100%        3
 Tukima's Dance           Hex            0%         N/A       100%        3
 Anguish                  Hex/Necr       0%         N/A       100%        4
 Animate Dead             Necr           0%         N/A       100%        4
 Borgnjor's Vile Clutch   Necr/Erth      0%         N/A       100%        5
 Death Channel            Necr           0%         N/A       100%        6
 Enfeeble                 Hex            0%         N/A       100%        7


Dungeon Overview and Level Annotations

Branches:
Dungeon (6/15)             Temple (1/1) D:5

Altars:
Makhleb
Nemelex Xobeh
Vehumet
Xom
Yredelemnul

Shops:
D:2 =   D:3 (   D:6 [[

Portals:
Abyss: D:4

Annotations:
D:3 1 runed translucent door, exclusion: door, Crazy Yiuf
D:4 2 transporters, Bearnado's ghost, novice MiBe


Message History

The wyvern barely misses you. The wyvern bites you.
You closely miss the wyvern.
The wyvern is moderately wounded.
The wyvern completely misses you.
You hit the wyvern.
The wyvern is moderately wounded.
The wyvern bites you! x2
You hit the wyvern but do no damage.
The wyvern is moderately wounded.
The wyvern bites you but does no damage.
You closely miss the wyvern.
The wyvern is moderately wounded.
The wyvern bites you. The wyvern bites you!
* * * LOW HITPOINT WARNING * * *
Okay, then.
Unknown command.
Okay, then.
You feel much better. The wyvern bites you!
* * * LOW HITPOINT WARNING * * *
It was a potion of degeneration.
There was something very wrong with that liquid.
You feel weakened.
You feel dopey.
You feel clumsy. The wyvern bites you!
* * * LOW HITPOINT WARNING * * *
The wyvern barely misses you.
Okay, then.
Okay, then.
Aiming: Paralyse
Press: ? - help, Shift-Dir - straight line, f - wyvern
Aim: a wyvern (moderately wounded, chance to affect: 53%)
The wyvern resists with significant effort.
The wyvern bites you!
* * * LOW HITPOINT WARNING * * *
Unknown command.
Aiming: Paralyse
Press: ? - help, Shift-Dir - straight line, f/p - wyvern
Aim: a wyvern (moderately wounded, chance to affect: 53%)
The wyvern resists with significant effort.
The wyvern bites you.
You die...

#...........##
#........##..
#............
#........###.
#........#
#...>z...#
#####z#### #l#
#@# #)# #.#
#.# #.# #.#
... #.#
##..... #.###
#........
#...#
#.......#


You could see a wyvern and 2 wights.

Vanquished Creatures
  A fire bat (D:5)
  2 necrophages
  An ogre (D:4)
  A centaur (D:5)
  2 phantoms
  3 scorpions
  2 wights (D:6)
  4 hounds
  2 centaur skeletons
  2 jellies
  2 orc priests (D:4)
  Ijyb (D:4)
  2 bullfrog skeletons (D:5)
  3 iron imps (D:3)
  A gnoll shaman (D:5)
  An iguana (D:3)
  Terence (D:3)
  2 scorpion zombies (D:5)
  Natasha (thrice) (D:3)
  4 orc wizards
  A killer bee zombie (D:5)
  2 hound skeletons (D:5)
  Robin (D:2)
  11 adders
  6 gnolls
  A white imp (D:5)
  An ufetubus (D:4)
  An adder skeleton (D:4)
  2 worms
  2 dart slugs
  14 orcs
  7 endoplasms
  A giant cockroach (D:3)
  12 goblins
  8 hobgoblins
  4 jackals (D:1)
  8 kobolds
  5 quokkas
  7 ball pythons
  8 bats
  4 frilled lizards
  7 rats
153 creatures vanquished.

Notes
Turn   | Place    | Note
-------+----------+-------------------------------------------
     0 | Abyss:1  | belegose the Hill Orc Abyssal Knight began the quest for
                  | the Orb.
     0 | Abyss:1  | Reached XP level 1. HP: 19/19 MP: 2/2
     0 | Abyss:1  | Found a corrupted altar of Lugonu.
    60 | Abyss:3  | Noticed a bunyip skeleton
    61 | D:1      | Escaped the Abyss
   386 | D:1      | Reached * piety under Lugonu
   432 | D:1      | Reached XP level 2. HP: 27/27 MP: 4/4
   874 | D:1      | Reached skill level 3 in Invocations
   874 | D:1      | Reached XP level 3. HP: 24/33 MP: 5/5
  1256 | D:2      | Found a faded altar of an unknown god.
  1910 | D:2      | Reached XP level 4. HP: 38/40 MP: 6/6
  1966 | D:2      | Noticed Robin
  1977 | D:2      | Killed Robin
  2041 | D:2      | Reached ** piety under Lugonu
  2251 | D:2      | Found Nudghicsa's Jewellery Shop.
  2536 | D:2      | Reached skill level 1 in Throwing
  2536 | D:2      | Reached XP level 5. HP: 43/47 MP: 7/7
  2784 | D:3      | Noticed Terence
  2804 | D:3      | Killed Terence
  2975 | D:3      | Found Kumounog's Antique Weapon Shop.
  3424 | D:3      | Found a runed translucent door.
  3425 | D:3      | Noticed Crazy Yiuf
  3501 | D:3      | Found a burning altar of Makhleb.
  3539 | D:3      | Reached skill level 4 in Invocations
  3543 | D:3      | Reached XP level 6. HP: 14/55 MP: 7/9
  4226 | D:4      | Reached skill level 5 in Fighting
  4265 | D:4      | Found a transporter.
  4302 | D:4      | Noticed Ijyb
  4302 | D:4      | Noticed Natasha
  4310 | D:3      | Killed Natasha
  4400 | D:4      | Killed Ijyb
  4423 | D:3      | Found Kumounog's Antique Weapon Shop.
  4559 | D:3      | Found a burning altar of Makhleb.
  4675 | D:3      | Noticed Natasha
  4680 | D:3      | Killed Natasha
  4994 | D:3      | Found a runed translucent door.
  5261 | D:3      | Found a runed translucent door.
  5615 | D:3      | Noticed Natasha
  5627 | D:3      | Killed Natasha
  5741 | D:4      | Found a transporter.
  5741 | D:4      | Noticed Bearnado's ghost (novice MiBe)
  5760 | D:4      | Reached skill level 5 in Axes
  5822 | D:4      | Reached XP level 7. HP: 61/61 MP: 10/10
  6247 | D:4      | Reached skill level 5 in Invocations
  6311 | D:4      | Noticed Sigmund
  6312 | D:4      | Noticed Sigmund
  6312 | D:4      | Sigmund changed into Sigmund the gnoll
  6319 | D:4      | Killed Sigmund the gnoll
  6572 | D:4      | Found a shimmering altar of Xom.
  6586 | D:4      | Found a one-way gate to the infinite horrors of the Abyss.
  6624 | D:4      | Reached *** piety under Lugonu
  6976 | D:5      | Entered Level 5 of the Dungeon
  7294 | D:5      | Found a staircase to the Ecumenical Temple.
  7306 | Temple   | Entered the Ecumenical Temple
  7321 | D:5      | Noticed Edmund
  7322 | D:5      | Noticed Edmund
  7322 | D:5      | Edmund changed into Edmund the fire bat
  7341 | D:5      | Killed Edmund the fire bat
  7342 | D:5      | Reached XP level 8. HP: 26/70 MP: 12/12
  7615 | D:5      | Reached skill level 5 in Armour
  7849 | D:5      | Reached skill level 6 in Invocations
  8579 | D:4      | Reached skill level 1 in Shields
  8930 | D:5      | Reached skill level 7 in Invocations
  9308 | D:5      | Reached XP level 9. HP: 57/78 MP: 11/14
  9543 | D:5      | Found a sparkling altar of Nemelex Xobeh.
  9555 | D:5      | Reached skill level 8 in Invocations
  9916 | D:5      | Found a basalt altar of Yredelemnul.
 10267 | D:6      | Found Xutt's Armour Shoppe.
 10916 | D:6      | Found a radiant altar of Vehumet.
 10970 | D:6      | Reached skill level 1 in Evocations
 11520 | D:6      | Found Osunacio's Armour Emporium.
 11831 | D:6      | HP: 2/72 [wyvern (8)]
 11832 | D:6      | Slain by a wyvern

Illustrated notes

Levels and vault maps discovered:
D:1:      scummos_arrival_simple_fountains, layout_basic, minmay_pentomino_v2
D:2:      minmay_alternating_diamond, layout_basic, serial_shops,
          shop_fountains, nicolae_ecumenical_oubliette, uniq_robin
D:3:      layout_basic, demons_altar, serial_shops, shop_fountains,
          uniq_terence, uniq_crazy_yiuf_cottage
D:4:      layout_gridville, xom_teletrap_fun, gammafunk_ghost_abyssal_escape,
          uniq_ijyb, uniq_natasha, uniq_sigmund
D:5:      layout_rooms, overflow_temple_1_default, nemelex_dance_club_becter,
          minmay_temple_entry_trees, minmay_tree_intersection,
          minmay_starry_boxes, uniq_edmund
D:6:      layout_rooms, marbit_many_paths, serial_shops,
          nicolae_shop_waterfront, nicolae_shop_window_shopping,
          nicolae_shop_crystal, kennysheep_mini, nicolae_lakefront_shop
Temple:   hc_temple_tempest_star

Skill      XL: |  1  2  3  4  5  6  7  8  9 |
---------------+----------------------------+-----
Axes           | 3 4 5 6 7 |  7.1
Fighting       | 4 5 6 7 |  7.1
Invocations    | 3 4 5 7 8 |  8.9
Armour         | 3 4 5 |  5.3
Throwing       | 1 2 3 4 |  4.1
Shields        | 3 4 |  4.0
Evocations     | 1 |  1.9
Dodging        | |  0.7

Action                   |  1- 3 |  4- 6 |  7- 9 || total
-------------------------+-------+-------+-------++-------
Melee: Hand axe          |   114 |   176 |   532 ||   822
       Punch             |     1 |     3 |       ||     4
Throw: Stone             |       |     7 |    11 ||    18
       Boomerang         |       |       |     5 ||     5
Invok: Depart the Abyss  |     1 |       |       ||     1
       Banish            |       |       |     7 ||     7
Evoke: Wand              |       |       |     7 ||     7
  Use: Potion            |     1 |       |     3 ||     4
 Stab: Paralysed         |       |       |     4 ||     4
Armor: Leather armour    |    37 |    10 |       ||    47
       Plate armour      |       |    79 |   334 ||   413
Dodge: Dodged            |    62 |    48 |   116 ||   226
Block: Buckler           |       |       |    47 ||    47
